 Dungeon Crawl Stone Soup version 0.17-a0-1572-g7a1422d (webtiles) character file.

1973 urechis the Cleaver (level 9, 0/83 HPs)
             Began as a Hill Orc Fighter on July 25, 2015.
             Slain by a worker ant (1 damage)
             ... on level 4 of the Dungeon.
             The game lasted 00:15:57 (14248 turns).

urechis the Cleaver (Hill Orc Fighter)             Turns: 14248, Time: 00:15:58

Health: 0/83       AC:  9    Str: 20    XL:     9   Next: 20%
Magic:  9/9        EV:  9    Int:  8    God:
Gold:   345        SH:  0    Dex: 12    Spells: 0 memorised, 8 levels left

rFire  + . .     SeeInvis .     a - +0 war axe
rCold  . . .     Clarity  .     v - +0 scale mail
rNeg   . . .     SustAt   .     (no shield)
rPois  .         Gourm    .     E - +0 helmet
rElec  .         Spirit   .     F - +0 cloak
rCorr  .         Warding  .     (no gloves)
rMut   .         Stasis   .     w - +0 pair of boots
MR     .....                    (no amulet)
Stlth  ..........               (no ring)
                                c - ring of protection from fire

@: lethally poisoned (0 -> -11), very heavily drained, not resistant to hostile
enchantments, extremely unstealthy
A: no striking features
a: no special abilities


You were on level 4 of the Dungeon.
You were full.

You visited 1 branch of the dungeon, and saw 6 of its levels.
You also visited: Sewer.

You collected 345 gold pieces.

Inventory:

Hand weapons
 a - a +0 war axe (weapon)
 b - a +0 arbalest
Missiles
 g - 5 javelins (quivered)
 i - 16 poisoned needles
 x - 23 bolts
Armour
 h - a +2 large shield
 v - a +0 scale mail (worn)
 w - a +0 pair of boots (worn)
 E - a +0 helmet (worn)
 F - a +0 cloak (worn)
Jewellery
 c - a ring of protection from fire (left hand)
Magical devices
 o - a wand of teleportation (4)
 t - a wand of confusion (32)
 y - a wand of fireball (9)
Scrolls
 l - a scroll of recharging
 p - a scroll of magic mapping {unknown}
 q - a scroll of blinking {unknown}
 r - a scroll of immolation {unknown}
 s - a scroll of noise {unknown}
 u - a scroll of teleportation {unknown}
 D - a scroll of remove curse
Potions
 e - a potion of might
 f - 4 potions of resistance
 j - a potion of ambrosia {unknown}
 m - 6 potions of curing
 n - 3 potions of degeneration {unknown}
 z - 3 potions of flight
 B - a potion of agility


   Skills:
 + Level 9.0(0.3) Fighting
 * Level 12.3(2.8) Axes
 - Level 3.2(0.0) Armour
 - Level 3.2(0.0) Shields


You had 8 spell levels left.
You didn't know any spells.

Dungeon Overview and Level Annotations

Branches:
Dungeon (6/15)
 Temple: D:4-7

Altars:
Cheibriados
Dithmenos
Elyvilon
Sif Muna
Vehumet
Zin
The Shining One

Annotations:
D:6 zkyp's ghost, experienced HuAr


Message History

The worker ant bites you but does no damage.
You feel sick. The worker ant completely misses you.
You feel sick.
The worker ant bites you but does no damage.
The worker ant barely misses you.
You feel sick. The worker ant bites you.
* * * LOW HITPOINT WARNING * * *
You are more poisoned.
The worker ant poisons you!
You feel sick. The worker ant bites you.
* * * LOW HITPOINT WARNING * * *
The worker ant barely misses you.
You feel sick. The worker ant barely misses you.
You feel sick. The worker ant bites you.
* * * LOW HITPOINT WARNING * * *
You are more poisoned.
The worker ant poisons you!
* * * LOW HITPOINT WARNING * * *
You feel sick. The worker ant bites you.
You die...

#.# #............ #.#
#.#.#####.### ##### #.#
#.#.#####.### ....# #.#
##.#.........#
###.#########.######...######.#.#
# #........†..........(..........
###)#########.######[..#######.#.
....# ####(#######..##...##...
#.########>....a@.[)...#.....#..#
#.###))).)....#######.....)..#..#
......####.#### #..#.....#..>
#.##### #.# #..##...##..# ##.#
#)# #..###.###..# #.## #[#
######..........## .#########.#
#................. .#.........#
#.#########.#####. .#.#########
#.# #.# #.


You could see a worker ant.

Vanquished Creatures
  Grinder (D:5)
  A deep elf mage (D:4)
  2 orc warriors (D:6)
  Purgy (D:3)
  2 ogres (D:6)
  A big kobold (Sewer)
  A giant frog (D:6)
  A centaur zombie (D:6)
  2 crimson imps (D:5)
  7 orc wizards
  2 hounds (D:4)
  A jelly (D:6)
  A centaur skeleton (D:3)
  4 worker ants
  5 orc priests
  Jessica (D:3)
  An iguana (D:5)
  Natasha (twice) (D:3)
  10 adders
  3 river rats (Sewer)
  2 shadow imps (D:6)
  2 oozes
  3 worms
  6 giant geckos
  19 orcs
  3 ball pythons
  A bat zombie (D:6)
  3 giant cockroaches
  9 hobgoblins
  24 jackals
  14 kobolds
  4 quokkas
  5 bats
  6 giant newts
  9 goblins
  A jackal skeleton (D:4)
  9 rats
169 creatures vanquished.

Notes
Turn   | Place    | Note
--------------------------------------------------------------
     0 | D:1      | urechis the Hill Orc Fighter began the quest for the Orb.
     0 | D:1      | Reached XP level 1. HP: 19/19 MP: 1/1
    94 | D:1      | Reached XP level 2. HP: 14/27 MP: 2/2
   558 | D:1      | Reached skill level 4 in Axes
   610 | D:1      | Reached XP level 3. HP: 20/33 MP: 3/3
  1680 | D:2      | Reached XP level 4. HP: 41/41 MP: 4/4
  1846 | D:3      | Reached skill level 5 in Axes
  2155 | D:3      | Noticed Jessica
  2183 | D:3      | Killed Jessica
  2183 | D:3      | Reached XP level 5. HP: 22/47 MP: 5/5
  2331 | D:3      | Noticed Purgy
  2341 | D:3      | Killed Purgy
  2341 | D:3      | Reached skill level 5 in Fighting
  2341 | D:3      | Reached skill level 6 in Axes
  2406 | D:3      | Reached XP level 6. HP: 38/56 MP: 6/6
  2673 | D:3      | Reached skill level 7 in Axes
  2783 | D:3      | Noticed Natasha
  2790 | D:3      | Killed Natasha
  2799 | D:3      | Noticed Natasha
  2810 | D:3      | Killed Natasha
  2837 | D:3      | Found a glowing golden altar of the Shining One.
  2837 | D:3      | Found a white marble altar of Elyvilon.
  2839 | D:3      | Found a glowing silver altar of Zin.
  3134 | D:4      | Reached XP level 7. HP: 24/63 MP: 7/7
  3263 | D:4      | Reached skill level 8 in Axes
  3527 | D:4      | Found a glowing drain.
  3532 | Sewer    | Entered a sewer
  3669 | Sewer    | Reached skill level 9 in Axes
  3679 | Sewer    | Found a white marble altar of Elyvilon.
  3845 | D:5      | Entered Level 5 of the Dungeon
  3944 | D:5      | Noticed Grinder
  3953 | D:5      | Paralysed by Grinder for 5 turns
  3972 | D:5      | Paralysed by Grinder for 2 turns
  3978 | D:5      | Killed Grinder
  3978 | D:5      | Reached XP level 8. HP: 6/73 MP: 8/8
  4283 | D:5      | Found a radiant altar of Vehumet.
  4283 | D:5      | Found a snail-covered altar of Cheibriados.
  4283 | D:5      | Found a deep blue altar of Sif Muna.
  4465 | D:5      | Reached skill level 10 in Axes
  4639 | D:5      | Found a shadowy altar of Dithmenos.
  5228 | D:6      | Reached skill level 11 in Axes
  6165 | D:6      | Reached XP level 9. HP: 66/82 MP: 9/9
  6206 | D:6      | Noticed zkyp's ghost (experienced HuAr)
  6336 | D:5      | HP: 1/82 [ogre/giant club (21)]
  7764 | D:4      | Reached skill level 12 in Axes
 14247 | D:4      | HP: 1/83 [worker ant (6)]
 14248 | D:4      | Slain by a worker ant

Vault maps used:
D:1:      eino_arrival_tree_alley, serial_forest, infiniplex_forest_lined_2,
          infiniplex_forest_lined_4_way, infiniplex_forest_clump_large,
          infiniplex_forest_clump_long, infiniplex_forest_side_room,
          infiniplex_forest_diagonal, infiniplex_forest_clump_small,
          infiniplex_forest_clump_small, st_stairs_14, minmay_fountain_box,
          serial_bayou_pond_d
D:2:      small_statue_intersection, corexii_shack
D:3:      good_gods_temple_1, minmay_misc_feat_columns, uniq_natasha,
          uniq_jessica, uniq_purgy
D:4:      first_bread, portal_sewer_entry_e, minmay_misc_feat_enclosed
D:5:      gammafunk_temple_overflow_claw,
          nicolae_dithmenos_through_a_glass_darkly, uniq_grinder
Sewer:    sewer_kobolds

Action                   |  1- 3 |  4- 6 |  7- 9 || total
-------------------------+-------+-------+-------++-------
Melee: War axe           |   108 |   142 |   454 ||   704
 Fire: Hand crossbow     |       |       |     8 ||     8
       Arbalest          |       |       |     3 ||     3
Throw: Javelin           |       |     5 |       ||     5
  Use: Scroll            |     4 |     4 |     1 ||     9
       Potion            |       |       |     1 ||     1
  Eat: Chunk             |     2 |     5 |    10 ||    17
       Bread ration      |       |       |     3 ||     3
       Meat ration       |       |       |     2 ||     2
       Pizza             |       |       |     2 ||     2
       Royal jelly       |       |       |     1 ||     1
       Beef jerky        |       |       |     1 ||     1
